 Dungeon Crawl Stone Soup version 0.27.1 (webtiles) character file.

Game seed: 12791326837501147507

363120 MajorAdolf the Fetichist (level 22, -4/210 HPs)
             Began as a Naga Wanderer on Aug 24, 2021.
             Was the Champion of Fedhas.
             Killed from afar by an ironbound thunderhulk (22 damage)
             ... with a bolt of lightning
             ... on level 4 of the Vaults.
             The game lasted 01:41:59 (71047 turns).

MajorAdolf the Fetichist (Naga Wanderer)           Turns: 71047, Time: 01:42:00

Health: -4/210     AC: 44    Str: 30    XL:     22   Next: 49%
Magic:  0/33       EV: 11    Int: 12    God:    Fedhas [******]
Gold:   4664       SH: 27    Dex: 18    Spells: 21/21 levels left

rFire    . . .     SeeInvis +   n - +9 whip (elec)
rCold    + . .     Faith    .   e - +6 tower shield {AC+3}
rNeg     + + +     Spirit   +   j - +4 chain mail of the Shining Light {+Blink rF- rN+++ rCorr}
rPois    +         Reflect  .   Y - +2 helmet of Xaekoro {Dex+3}
rElec    .         Harm     .   E - scarf {rC+ rF+}
rCorr    +         Rampage  .   f - +3 pair of gauntlets of War {Slay+5}
Will     +++..                  c - +3 barding {Stlth+}
Stlth    +.........             U - amulet of guardian spirit
HPRegen  0.45/turn              N - ring "Metazuix" {Fly rPois AC+4 Str+7}
MPRegen  0.23/turn              B - ring of willpower

@: frozen, flying, very slow
A: AC +7, large, see invisible, deformed body, poison resistance, slowness 2,
spit poison 1, naga tail 2, agile 1, subdued magic 1
}: 2/15 runes: barnacled, gossamer
a: Spit Poison, Renounce Religion, Evoke Blink, Wall of Briars, Grow
Ballistomycete, Overgrow, Grow Oklob


You were on level 4 of the Vaults.
You worshipped Fedhas.
Fedhas was exalted by your worship.
You visited 7 branches of the dungeon, and saw 36 of its levels.
You also visited: Bailey, Gauntlet and Ice Cave.

You collected 5525 gold pieces.
You spent 861 gold pieces at shops.

Inventory:

Hand Weapons
 n - a +9 whip of electrocution (weapon)
 w - a +0 hand axe of flaming
 X - the +5 shortbow "Ryinido" {speed, rElec rPois rN+ Str+2}
   (You found it in a Gauntlet)

   Attacks with this weapon are significantly faster.
   Str:       It affects your strength (+2).
   rElec:     It insulates you from electricity.
   rPois:     It protects you from poison.
   rN:        It protects you from negative energy.
Armour
 c - a +3 barding of stealth (worn)
 e - a +6 tower shield of protection (worn)
 f - the +3 pair of gauntlets of War (worn) {Slay+5}
   (You found it on level 4 of the Shoals)

   Slay:      It affects your accuracy & damage with ranged weapons and melee
   (+5).
 j - the +4 chain mail of the Shining Light (worn) {+Blink rF- rN+++ rCorr}
   (You bought it in a shop on level 2 of the Orcish Mines)

   rF:        It makes you vulnerable to fire.
   rN:        It renders you almost immune to negative energy.
   +Blink:    It lets you blink.
   rCorr:     It protects you from acid and corrosion.
 E - a scarf of resistance (worn)
 H - a +2 cloak of cold resistance
 Q - a +0 kite shield of reflection
 Y - the +2 helmet of Xaekoro (worn) {Dex+3}
   (You found it in a Gauntlet)

   Dex:       It affects your dexterity (+3).
Jewellery
 a - a ring of protection from cold
 i - the ring "Peathu" {rN+ rCorr MP+9 Dex-4}
   (You found it in a Gauntlet)

   [ring of magical power]

   Dex:       It affects your dexterity (-4).
   rN:        It protects you from negative energy.
   MP:        It affects your magic capacity (+9).
   rCorr:     It protects you from acid and corrosion.
 s - a +6 ring of dexterity
 B - a ring of willpower (right hand)
 J - a ring of magical power
 N - the ring "Metazuix" (left hand) {Fly rPois AC+4 Str+7}
   (You took it off a minotaur in a Gauntlet)

   [ring of protection]

   AC:        It affects your AC (+4).
   Str:       It affects your strength (+7).
   rPois:     It protects you from poison.
   Fly:       It grants you flight.
 U - an amulet of guardian spirit (around neck)
Wands
 p - a wand of polymorph (16)
 y - a wand of iceblast (20)
 C - a wand of paralysis (1)
 D - a wand of flame (149)
 F - a wand of digging (8)
 G - a wand of mindburst (15)
 I - a wand of charming (2)
 V - a wand of acid (14)
Scrolls
 b - 3 scrolls of blinking
 g - 3 scrolls of enchant weapon
 h - 10 scrolls of identify
 m - 6 scrolls of fear
 t - 8 scrolls of magic mapping
 u - 2 scrolls of teleportation
 L - 3 scrolls of torment
 M - 6 scrolls of immolation
 O - 2 scrolls of holy word
 P - 2 scrolls of fog
 R - a scroll of silence
 W - a scroll of summoning
Potions
 d - 2 potions of invisibility
 o - a potion of heal wounds
 q - 6 potions of haste
 r - 5 potions of ambrosia
 v - a potion of magic
 x - 4 potions of mutation
 z - 2 potions of berserk rage
 A - 2 potions of resistance
 K - 8 potions of might
 S - 3 potions of brilliance
 T - 2 potions of curing
Miscellaneous
 k - a box of beasts
 l - a phantom mirror
 Z - a lightning rod (4/4)


   Skills:
 + Level 15.2 Fighting
 - Level 11.9(12.0) Maces & Flails
 - Level 4.4 Polearms
 - Level 1.0(8.3) Staves
 + Level 13.3 Armour
 + Level 13.3 Dodging
 - Level 4.4 Stealth
 + Level 12.3 Shields
 + Level 15.0 Invocations
 + Level 16.0 Evocations


You had 21 spell levels left.
You didn't know any spells.
Your spell library contained the following spells:

 Spells                   Type           Power      Damage    Failure   Level
 Animate Skeleton         Necr           0%         N/A       88%         1
 Apportation              Tloc           0%         N/A       88%         1
 Beastly Appendage        Tmut           0%         N/A       88%         1
 Corona                   Hex            0%         N/A       88%         1
 Foxfire                  Conj/Fire      0%         2x1d4     88%         1
 Magic Dart               Conj           0%         1d3       88%         1
 Sting                    Tmut/Pois      0%         1d3       88%         1
 Summon Small Mammal      Summ           0%         N/A       88%         1
 Corpse Rot               Necr/Air       N/A        N/A       96%         2
 Poisonous Vapours        Pois/Air       0%         N/A       96%         2
 Searing Ray              Conj           0%         3d3       96%         2
 Static Discharge         Conj/Air       0%         N/A       96%         2
 Sublimation of Blood     Necr           0%         N/A       96%         2
 Wereblood                Tmut           0%         N/A       96%         2
 Conjure Flame            Conj/Fire      0%         6-21      99%         3
 Inner Flame              Hex/Fire       0%         N/A       99%         3
 Ozocubu's Armour         Ice            0%         N/A       99%         3
 Portal Projectile        Hex/Tloc       0%         N/A       99%         3
 Spider Form              Tmut/Pois      0%         N/A       99%         3
 Stone Arrow              Conj/Erth      0%         3d7       99%         3
 Dispel Undead            Necr           0%         3d6       100%        4
 Fulminant Prism          Conj/Hex       0%         3d6       100%        4
 Olgreb's Toxic Radiance  Pois           0%         N/A       100%        4
 Sticky Flame             Conj/Fire      0%         2d3       100%        4
 Summon Ice Beast         Ice/Summ       0%         N/A       100%        4
 Blade Hands              Tmut           0%         N/A       100%        5
 Bolt of Magma            Conj/Fire/Erth 0%         4d4       100%        5
 Excruciating Wounds      Necr           0%         N/A       100%        5
 Summon Mana Viper        Hex/Summ       0%         N/A       100%        5
 Death Channel            Necr           0%         N/A       100%        6
 Monstrous Menagerie      Summ           0%         N/A       100%        7
 Ozocubu's Refrigeration  Ice            0%         4d5       100%        7
 Summon Hydra             Summ           0%         N/A       100%        7
 Borgnjor's Revivificati  Necr           0%         N/A       100%        8
 Necromutation            Tmut/Necr      0%         N/A       100%        8
 Death's Door             Necr           0%         N/A       100%        9
 Shatter                  Erth           0%         3d5*      100%        9


Dungeon Overview and Level Annotations

Branches:
Dungeon (15/15)            Temple (1/1) D:6            Lair (6/6) D:9
 Shoals (4/4) Lair:3       Spider (4/4) Lair:4        Slime (0/5) Lair:6
    Orc (2/2) D:11            Elf (0/3) Orc:2        Vaults (4/5) D:13
  Crypt (0/3) Vaults:3     Depths (0/5) D:15         Bailey (visited)
  IceCv (visited)         Gauntlet (visited)

Altars:
Ashenzari
Cheibriados
Dithmenos
Elyvilon
Fedhas
Gozag
Hepliaklqana
Kikubaaqudgha
Makhleb
Nemelex Xobeh
Okawaru
Qazlal
Ru
Sif Muna
Trog
Uskayaw
Vehumet
Wu Jian
Xom
Yredelemnul
Zin
The Shining One
Beogh
Jiyva
Lugonu

Shops:
D:8 (   D:11 (   Orc:2 **[:   Shoals:1 *   Shoals:2 (   Shoals:3 :   Vaults:3 (
Vaults:4 :[

Portals:
Abyss: Lair:6
Pandemonium: Orc:2
Trove: Vaults:1 (give 2 scrolls of acquirement)

Annotations:
D:1 exclusion: 2 downstairs
D:3 1 runed translucent door, Crazy Yiuf
D:5 2 runed translucent doors
Lair:2 1 runed translucent door, amoeba's ghost, journeyman MiFi
Lair:4 1 runed translucent door, funkygono's ghost, journeyman GrFE
Lair:5 2 transporters, mandor's ghost, journeyman DjWz
Vaults:3 3 runed translucent doors, Kipt's ghost, adept SpFE; Lukheov's ghost, veteran DrWn; SpeedRobin's ghost, adept DDFi


Innate Abilities, Weirdness & Mutations

Your serpentine skin is tough. (AC +7)
You have supernaturally acute eyesight. (SInv)
Armour fits poorly on your strangely shaped body.
Your system is resistant to poisons. (rPois)
You cover ground very slowly.
You can spit poison.
You can use your snake-like lower body to constrict enemies.
You are agile. (Dex +2)
Your spells are a little easier to cast, but a little less powerful.


Message History

You hit the great orb of eyes.
Lightning courses through the great orb of eyes!!
The great orb of eyes is severely wounded.
You constrict the great orb of eyes.
The ironbound preserver mumbles some strange words.
The ironbound preserver is healed somewhat.
Your oklob plant spits acid at the vault warden.
The splash of acid hits the great orb of eyes!
The great orb of eyes is splashed with acid.
The great orb of eyes gazes at your oklob plant.
Your oklob plant resists with significant effort.
You thrash the great orb of eyes!!
Lightning courses through the great orb of eyes!
The great orb of eyes is almost dead.
You constrict the great orb of eyes.
You kill the great orb of eyes!
Fedhas accepts your kill. You block the vault warden's attack.
Your oklob plant spits acid at the ironbound preserver.
The splash of acid hits the ironbound preserver!
The ironbound preserver is splashed with acid!
The acid corrodes the ironbound preserver!
The ironbound preserver dies!
Fedhas appreciates your contribution to the ecosystem.
Aiming: Polymorph
Press: ? - help, Shift-Dir - straight line, f/p - vault warden
Aim: a vault warden, wielding a +2 halberd of venom and wearing a +0 chain mail (lightly wounded, sheltered from injuries, will become a fenstrider witch, an iron giant, or a dire elephant, chance to affect: 49%)
The vault warden resists with some effort.
The ironbound frostheart calls freezing cold from the walls.
The frost grips you!! You partially resist.
* * * LOW HITPOINT WARNING * * *
You are encased in ice.
The vault warden hits you but does no damage.
Your oklob plant spits acid at the vault warden.
The splash of acid hits the vault warden.
The vault warden is splashed with acid.
The acid corrodes the vault warden!
Electricity crackles from the ironbound thunderhulk's apparatus.
The bolt of lightning hits you!!
You die...
Fedhas appreciates your contribution to the ecosystem.

#......'..##...##..#........#....
#....!.#...#)..#...#........#....
#......#...'[).+...'........#....
#......#############........'....
###....#......### #........#....
##)##..'.##.#...## ##############
..##'###.#..#....#
....####....###..## ########
......##.###..#.@P# #.......
......##...#..###)########.......
......###..###..))pp.....#.......
......# #....#.)#)#TO....#.......
##'#### ##...#.##.+.....p'.......
.....# ###...[..+......#.......
.....# ########......#.......
....######### #......#.......
....#⌠..∩..⌠# ########.......


You could see a vault warden (corroded, ally target), an ironbound thunderhulk,
an ironbound frostheart, a deep troll and a friendly oklob plant (summoned).

Vanquished Creatures
  A golden dragon (Vaults:4)
  A lich (Vaults:2)
  Asterion (Spider:2)
  A sphinx (Vaults:2)
  A kraken (Shoals:2)
  The ghost of Anuqaetage the Severer, an adept HOFi of Beogh (Spider:1)
  A shadow dragon (Vaults:1)
  Donald (Spider:1)
  An azure jelly (Vaults:3)
  4 frost giants
  The ghost of Jafont the Arsonist, a journeyman HOFE of Okawaru (Shoals:3)
  A deep elf sorcerer (Vaults:2)
  2 fire giants (Vaults:4)
  2 orc warlords
  9 vault wardens
  4 ghost moths
  2 emperor scorpions
  11 ironbound preservers
  3 very ugly things
  Nessos (D:15)
  2 stone giants (Vaults:3)
  A vampire knight (Vaults:3)
  5 dire elephants
  6 entropy weavers
  2 war gargoyles (Vaults:4)
  A minotaur (Gauntlet)
  A white draconian (IceCv)
  3 spark wasps (Spider:4)
  3 merfolk javelineers
  Josephine (D:14)
  15 slime creatures
  4 ettins
  10 yaktaur captains
  5 merfolk impalers
  9 hydras
  5 great orbs of eyes
  7 ironbound thunderhulks
  2 ghost crabs (Spider:3)
  A rakshasa (D:13)
  3 merfolk avatars
  8 vault guards
  An ice dragon (Spider:2)
  A catoblepas (Lair:6)
  2 peacekeepers
  An alligator snapping turtle (Shoals:2)
  3 centaur warriors
  5 boulder beetles
  18 ironbound frosthearts
  11 merfolk aquamancers
  7 two-headed ogres
  A death knight (D:15)
  A satyr (Shoals:4)
  A deep troll earth mage (Vaults:3)
  3 tengu warriors (D:15)
  2 death scarabs (Gauntlet)
  5 orc high priests (Orc:2)
  4 thrashing horrors (Lair:6)
  Sonja (D:11)
  5 ironbound beastmasters
  A deep elf knight (Vaults:2)
  An iron troll (Vaults:3)
  21 sea snakes
  A skeletal warrior (D:15)
  A sixfirhy (Orc:2)
  2 infernal demonspawn (Orc:2)
  35 deep trolls
  15 harpies
  A glowing orange brain (Vaults:3)
  A spectral hydra (Gauntlet)
  11 ironbound convokers
  10 wizards
  A phantasmal warrior (D:15)
  Pikel (D:8)
  2 orange crystal statues
  A sphinx zombie (Vaults:3)
  3 lindwurms
  3 deep elf zephyrmancers (Vaults:2)
  34 wolf spiders
  4 necromancers
  20 orb spiders
  2 deep elf pyromancers
  34 ugly things
  13 manticores
  8 orc knights
  21 fauns
  A tengu skeleton (Vaults:1)
  4 cyclopes
  6 orc sorcerers
  2 moths of wrath
  A human skeleton (Vaults:3)
  4 water nymphs
  3 torpor snails
  7 merfolk sirens
  17 elephants
  6 black mambas
  12 vault sentinels
  A smoke demon (Lair:6)
  2 gargoyles
  19 rime drakes
  An unseen horror (D:10)
  14 komodo dragons
  9 cane toads
  An orange demon (Orc:2)
  17 demonic crawlers
  18 yaktaurs
  A freezing wraith (Vaults:3)
  A tengu conjurer (D:15)
  A hellwing (Orc:2)
  16 polar bears
  29 jumping spiders
  9 trolls
  8 hornets
  A meliai (shapeshifter) (D:15)
  2 ancient zymes (Lair:6)
  28 merfolk
  A queen bee (Spider:1)
  3 wind drakes
  3 meliai (Spider:1)
  5 tyrant leeches (Spider:3)
  7 snapping turtles
  25 blink frogs
  9 dream sheep
  A spectral black mamba (Gauntlet)
  4 ynoxinuls
  34 tarantellas
  52 redbacks
  3 shadows
  3 vampires (Vaults:3)
  A redback (shapeshifter) (Lair:6)
  Sigmund (D:5)
  10 wraiths
  6 wyverns
  14 water elementals
  53 yaks
  A basilisk (shapeshifter) (D:13)
  A hog (shapeshifter) (D:14)
  2 chaos spawn
  6 basilisks
  4 wargs
  A steam dragon (D:8)
  10 vampire mosquitoes
  5 acid dragons
  9 small abominations (Lair:6)
  17 water moccasins
  An acid dragon (shapeshifter) (Lair:6)
  35 orc warriors
  An ice beast (D:5)
  3 black bears
  8 necrophages
  8 ogres
  16 wolves
  4 boggarts (Vaults:4)
  7 centaurs
  2 phantoms
  3 human zombies
  3 kobold brigands
  15 bullfrogs
  2 scorpions
  28 killer bees
  10 wights
  3 electric eels
  3 centaur zombies
  5 jellies
  23 orc priests
  3 hounds
  2 gnoll shamans
  A bullfrog skeleton (D:6)
  Ijyb (D:3)
  An iguana (D:7)
  15 orc wizards
  2 killer bee zombies
  12 gnolls
  6 adders
  4 howler monkey skeletons
  2 shadow imps (D:6)
  3 ufetubi
  4 worms (D:2)
  2 dart slugs
  65 orcs
  7 ball pythons
  2 bats
  8 endoplasms
  3 giant cockroaches (D:1)
  15 goblins
  6 hobgoblins
  3 jackals (D:1)
  32 kobolds
  2 quokkas
  2 frilled lizards
  4 rats
  A ballistomycete spore (Lair:4)
  5 tentacles (Shoals:2)
1387 creatures vanquished.

Vanquished Creatures (collateral kills)
  Mara (Vaults:2)
  Nikola (Spider:4)
  An ironbound preserver (Vaults:4)
  A very ugly thing (Vaults:2)
  A merfolk javelineer (Shoals:4)
  A merfolk impaler (Shoals:4)
  A deep elf high priest (Vaults:2)
  2 merfolk aquamancers (Shoals:4)
  An orc high priest (Orc:2)
  A sea snake (Shoals:4)
  A gelid demonspawn (Orc:2)
  2 ugly things (Vaults:2)
  2 deep elf zephyrmancers (Vaults:2)
  A faun (Shoals:4)
  A moth of wrath (Spider:1)
  A vault sentinel (Vaults:2)
  A black mamba (Lair:6)
  2 demonic crawlers
  A jumping spider (Spider:4)
  4 blink frogs (Lair:5)
  2 hornets (Spider:4)
  2 redbacks (Spider:4)
  5 ballistomycete spores (Lair:4)
36 creatures vanquished.

Vanquished Creatures (others)
  2 wizards
  A merfolk siren (Shoals:4)
  A water nymph (Shoals:4)
  2 jumping spiders (Spider:4)
  A polar bear (IceCv)
  A hornet (Spider:4)
  A tyrant leech (Spider:3)
  A redback (Spider:4)
  3 tarantellas
  A ballistomycete spore (Lair:4)
  56 fungi
  444 plants
  30 tentacles (Shoals:2)
  2 withered plants (Vaults:3)
546 creatures vanquished.

Grand Total: 1969 creatures vanquished

Notes
Turn   | Place    | Note
-------+----------+-------------------------------------------
     0 | D:1      | MajorAdolf the Naga Wanderer began the quest for the Orb.
     0 | D:1      | MajorAdolf set off with the following items: a +2 spear, a
                  | scroll of teleportation, a potion of curing, a +0 robe, a
                  | +0 dagger
     0 | D:1      | Reached XP level 1. HP: 21/21 MP: 1/1
   248 | D:1      | Reached XP level 2. HP: 18/28 MP: 2/2
  1263 | D:1      | Reached XP level 3. HP: 34/34 MP: 3/3
  1404 | D:1      | Found a faded altar of an unknown god.
  2065 | D:2      | Reached XP level 4. HP: 42/42 MP: 4/4
  2749 | D:3      | Noticed Ijyb
  3290 | D:3      | Found a runed translucent door.
  3291 | D:3      | Noticed Crazy Yiuf
  3462 | D:4      | Reached skill level 1 in Maces & Flails
  3531 | D:3      | Killed Ijyb
  3706 | D:3      | Reached XP level 5. HP: 13/49 MP: 5/5
  4507 | D:3      | Reached skill level 2 in Evocations
  4717 | D:4      | Reached XP level 6. HP: 35/56 MP: 6/6
  5609 | D:4      | Reached skill level 3 in Evocations
  6037 | D:4      | Reached XP level 7. HP: 42/62 MP: 7/7
  6457 | D:5      | Entered Level 5 of the Dungeon
  6481 | D:5      | Reached skill level 4 in Evocations
  6481 | D:5      | Found a large runed translucent door.
  7036 | D:5      | Found a large runed translucent door.
  7116 | D:5      | Reached skill level 5 in Maces & Flails
  7217 | D:5      | Found a shimmering altar of Xom.
  7246 | D:5      | Reached skill level 5 in Evocations
  7507 | D:5      | Reached XP level 8. HP: 66/69 MP: 8/8
  7627 | D:5      | Noticed Sigmund
  7635 | D:5      | Killed Sigmund
  7636 | D:5      | Reached skill level 1 in Armour
  7636 | D:5      | Reached skill level 1 in Dodging
  8910 | D:6      | Found a staircase to the Ecumenical Temple.
  9826 | D:7      | Noticed a two-headed ogre
  9833 | D:7      | Killed a two-headed ogre
  9834 | D:7      | Reached skill level 6 in Evocations
  9834 | D:7      | Reached XP level 9. HP: 75/75 MP: 9/9
 10158 | Temple   | Entered the Ecumenical Temple
 10394 | Temple   | Became a worshipper of Fedhas Madash
 11520 | D:7      | Reached * piety under Fedhas
 12236 | D:7      | Reached skill level 7 in Evocations
 13924 | D:8      | Noticed Pikel
 13940 | D:8      | Killed Pikel
 14199 | D:8      | Reached XP level 10. HP: 83/85 MP: 10/10
 14537 | D:8      | Found Bifayxoa's Antique Weapon Emporium.
 16313 | D:9      | Paralysed by a hornet for 2 turns
 16896 | D:9      | Noticed an elephant
 16973 | D:9      | Reached skill level 8 in Evocations
 17003 | D:9      | Reached skill level 5 in Dodging
 17005 | D:9      | Reached ** piety under Fedhas
 17006 | D:9      | Reached skill level 5 in Fighting
 17006 | D:9      | Reached skill level 5 in Armour
 17051 | D:9      | Killed an elephant
 17286 | D:9      | Found a staircase to the Lair.
 18003 | D:10     | Entered Level 10 of the Dungeon
 18304 | D:10     | Reached XP level 11. HP: 94/96 MP: 11/11
 19133 | D:10     | Noticed a two-headed ogre
 19147 | D:10     | Killed a two-headed ogre
 19434 | D:10     | Found a shadowy altar of Dithmenos.
 19493 | D:11     | Found a flagged portal.
 19518 | Bailey   | Entered a bailey
 19806 | Bailey   | Reached skill level 9 in Evocations
 19812 | Bailey   | Reached *** piety under Fedhas
 19873 | Bailey   | Noticed an orc knight
 20022 | Bailey   | Killed an orc knight
 20362 | D:11     | Identified the +2 chain mail "Beachepu" {Int+2 Dex+2}
 20457 | D:11     | Noticed a two-headed ogre
 20466 | D:11     | Killed a two-headed ogre
 20467 | D:11     | Reached skill level 1 in Shields
 20796 | D:11     | Noticed Sonja
 20810 | D:11     | Killed Sonja
 21102 | D:11     | Found a staircase to the Orcish Mines.
 21218 | D:11     | Found Ymar Pef's Antique Weapon Boutique.
 21452 | D:11     | Noticed a green ugly thing
 21461 | D:11     | Killed a green ugly thing
 21468 | D:11     | Reached skill level 1 in Invocations
 21605 | D:11     | Noticed a cyclops
 21625 | D:11     | Killed a cyclops
 21626 | D:11     | Reached XP level 12. HP: 26/106 MP: 12/12
 22083 | D:11     | Noticed a boulder beetle
 22110 | D:11     | Killed a boulder beetle
 22821 | Lair:1   | Entered Level 1 of the Lair of Beasts
 23200 | Lair:1   | Reached **** piety under Fedhas
 23209 | Lair:1   | Noticed a four-headed hydra
 23220 | Lair:1   | Killed a one-headed hydra
 23739 | Lair:1   | Reached skill level 10 in Maces & Flails
 24499 | Lair:2   | Found an ornate altar of the Wu Jian Council.
 24499 | Lair:2   | Noticed a boulder beetle
 24509 | Lair:2   | Found a hide-covered altar of Uskayaw.
 24959 | Lair:2   | Killed a boulder beetle
 25283 | Lair:2   | Reached skill level 10 in Evocations
 25578 | Lair:2   | Found a runed translucent door.
 25851 | Lair:2   | Gained mutation: You can use your snake-like lower body to
                  | constrict enemies. [Naga growth]
 25851 | Lair:2   | Reached XP level 13. HP: 37/117 MP: 16/16
 26541 | Lair:2   | Noticed amoeba's ghost (journeyman MiFi)
 26707 | Lair:3   | Reached ***** piety under Fedhas
 27115 | Lair:3   | Found a staircase to the Shoals.
 27308 | Lair:3   | Identified a scroll of acquirement
 27316 | Lair:3   | Acquired 788 gold pieces
 27382 | Lair:3   | Reached skill level 5 in Invocations
 27420 | Lair:3   | Acquired a +2 barding of stealth
 29114 | Lair:4   | Found a runed translucent door.
 29260 | Lair:4   | Reached skill level 5 in Shields
 29705 | Lair:4   | Found a hole to the Spider Nest.
 30713 | Lair:4   | Reached XP level 14. HP: 129/129 MP: 18/18
 30879 | Lair:4   | Noticed funkygono's ghost (journeyman GrFE)
 31737 | Lair:5   | Reached skill level 11 in Evocations
 32000 | Lair:5   | Noticed mandor's ghost (journeyman DjWz)
 32188 | Lair:5   | Identified the +8 broad axe of Blue Gallantry {vorpal,
                  | Str+10 Dex+3}
 32252 | Lair:5   | Found a transporter.
 32256 | Lair:5   | Found a transporter.
 32367 | Lair:5   | Reached ****** piety under Fedhas
 32498 | Lair:6   | Entered Level 6 of the Lair of Beasts
 32499 | Lair:6   | Found a staircase to the Slime Pits.
 32500 | Lair:6   | Found a viscous altar of Jiyva.
 34302 | Lair:6   | Reached XP level 15. HP: 138/138 MP: 20/20
 34553 | Lair:6   | Reached skill level 10 in Fighting
 34730 | Lair:6   | Found a corrupted altar of Lugonu.
 34730 | Lair:6   | Found a one-way gate to the infinite horrors of the Abyss.
 34743 | Lair:6   | Identified the +7 long sword of Zalus {pain, SInv}
 35062 | Orc:1    | Entered Level 1 of the Orcish Mines
 35287 | Orc:1    | Noticed an orc warlord
 35454 | Orc:1    | Killed an orc warlord
 36035 | Orc:2    | Entered Level 2 of the Orcish Mines
 36839 | Orc:2    | Found Ecwoucim's General Store.
 37179 | Orc:2    | Found Pujuj's General Store.
 37265 | Orc:2    | Bought a wand of iceblast (12) for 224 gold pieces
 37265 | Orc:2    | Bought a potion of might for 56 gold pieces
 37265 | Orc:2    | Bought a potion of curing for 42 gold pieces
 37267 | Orc:2    | Bought a scroll of teleportation for 45 gold pieces
 37267 | Orc:2    | Bought a potion of curing for 45 gold pieces
 37267 | Orc:2    | Bought a scroll of identify for 30 gold pieces
 37267 | Orc:2    | Bought a scroll of identify for 30 gold pieces
 38464 | Orc:2    | Found a staircase to the Elven Halls.
 38692 | Orc:2    | Found Feasesez's Book Emporium.
 38692 | Orc:2    | Found Xostra's Antique Armour Shoppe.
 38693 | Orc:2    | Found a one-way gate leading to the halls of Pandemonium.
 38802 | Orc:2    | Bought a shimmering chain mail for 266 gold pieces
 38802 | Orc:2    | Identified the +4 chain mail of the Shining Light {+Blink
                  | rF- rN+++ rCorr} (You bought it in a shop on level 2 of the
                  | Orcish Mines)
 38963 | D:11     | Gained mutation: Your spells are a little easier to cast,
                  | but a little less powerful. [potion of mutation]
 38963 | D:11     | Gained mutation: You are agile. (Dex +2) [potion of
                  | mutation]
 39332 | D:12     | Found an ornate altar of the Wu Jian Council.
 40082 | D:13     | Reached skill level 12 in Evocations
 41618 | D:13     | Found a gate to the Vaults.
 42410 | D:14     | Noticed Josephine
 42421 | D:14     | Killed Josephine
 42422 | D:14     | Reached XP level 16. HP: 115/145 MP: 17/22
 42583 | D:15     | Entered Level 15 of the Dungeon
 42674 | D:15     | Found a gate leading to a gauntlet.
 42682 | Gauntlet | Entered a Gauntlet
 42682 | Gauntlet | Found a transporter.
 42690 | Gauntlet | Found a runed translucent door.
 42691 | Gauntlet | Found a transporter.
 42705 | Gauntlet | Found a runed translucent door.
 42707 | Gauntlet | Found a transporter.
 42711 | Gauntlet | Found a transporter.
 42727 | Gauntlet | Found a transporter.
 42741 | Gauntlet | Found a transporter.
 42746 | Gauntlet | Found a transporter.
 42749 | Gauntlet | Found a transporter.
 42770 | Gauntlet | Found the ring of Shadows {Umbra +Inv Stlth+}
 42772 | Gauntlet | Found a transporter.
 42793 | Gauntlet | Found a transporter.
 42795 | Gauntlet | Found a transporter.
 42803 | Gauntlet | Found a transporter.
 42903 | Gauntlet | Identified the +2 helmet of Xaekoro {Dex+3}
 43024 | Gauntlet | Identified the ring "Peathu" {rN+ rCorr MP+9 Dex-4}
 43048 | Gauntlet | Identified the ring "Metazuix" {Fly rPois AC+4 Str+7}
 43107 | Gauntlet | Identified the +5 shortbow "Ryinido" {speed, rElec rPois
                  | rN+ Str+2}
 43219 | D:15     | Found a staircase to the Depths.
 43396 | D:15     | Noticed Nessos
 43415 | D:15     | Killed Nessos
 44206 | Shoals:1 | Entered Level 1 of the Shoals
 44287 | Shoals:1 | Found Syadasyi's General Store.
 44435 | Shoals:1 | Bought a wand of flame (11) for 123 gold pieces
 44631 | Shoals:1 | Reached skill level 10 in Armour
 45657 | Shoals:1 | Reached skill level 10 in Dodging
 45942 | Shoals:1 | Reached skill level 10 in Invocations
 46084 | Shoals:2 | Noticed a kraken
 46795 | Shoals:2 | Acquired a +2 tower shield of protection
 46881 | Shoals:2 | Found Emayta's Antique Weapon Emporium.
 48005 | Shoals:2 | Killed a kraken
 48006 | Shoals:2 | Reached XP level 17. HP: 87/158 MP: 19/24
 48876 | Shoals:3 | Reached skill level 13 in Evocations
 48981 | Shoals:3 | Found Honwamm's Book Boutique.
 49194 | Shoals:3 | Found a large runed translucent door.
 49194 | Shoals:3 | Found a large runed translucent door.
 49197 | Shoals:3 | Noticed Jafont's ghost (journeyman HOFE)
 49340 | Shoals:3 | Killed Jafont's ghost
 50016 | Shoals:4 | Entered Level 4 of the Shoals
 50695 | Shoals:4 | Found the +3 pair of gauntlets of War {Slay+5}
 50695 | Shoals:4 | HP: 7/159 [merfolk (4)]
 50856 | Shoals:4 | HP: 4/159 [drowned by a water elemental (8)]
 53879 | Shoals:4 | Got a barnacled rune of Zot
 54507 | Spider:1 | Entered Level 1 of the Spider Nest
 54614 | Spider:1 | Noticed Donald
 54627 | Spider:1 | Killed Donald
 54754 | Spider:1 | Reached XP level 18. HP: 134/169 MP: 20/26
 55214 | Spider:1 | Noticed Anuqaetage's ghost (adept HOFi)
 55215 | Spider:1 | Found a runed translucent gate.
 55216 | Spider:1 | Found a runed translucent gate.
 55216 | Spider:1 | Found a runed translucent gate.
 56420 | Spider:1 | Killed Anuqaetage's ghost
 56464 | Spider:1 | Reached XP level 19. HP: 177/177 MP: 26/28
 56469 | Spider:1 | Acquired 905 gold pieces
 56502 | Spider:2 | Noticed Asterion
 56517 | Spider:2 | Killed Asterion
 56932 | Spider:2 | Reached skill level 14 in Evocations
 57411 | Spider:2 | Reached skill level 10 in Shields
 57441 | Spider:3 | Found a frozen archway.
 57448 | IceCv    | Entered an ice cave
 59964 | Spider:4 | Entered Level 4 of the Spider Nest
 60276 | Spider:4 | Reached XP level 20. HP: 187/187 MP: 29/29
 60613 | Spider:4 | Noticed Nikola
 60656 | Spider:4 | Killed Nikola
 61516 | Spider:4 | Got a gossamer rune of Zot
 61953 | Vaults:1 | Entered Level 1 of the Vaults
 62621 | Vaults:1 | Found a portal to a secret trove of treasure.
 63777 | Vaults:1 | Reached skill level 15 in Evocations
 64037 | Vaults:2 | Noticed Mara
 64051 | Vaults:2 | Killed Mara
 64155 | Vaults:2 | Reached XP level 21. HP: 147/198 MP: 31/31
 68071 | Vaults:3 | Found a runed translucent gate.
 68073 | Vaults:3 | Found a runed translucent gate.
 68074 | Vaults:3 | Found a runed translucent gate.
 68110 | Vaults:3 | Found a staircase to the Crypt.
 68456 | Vaults:3 | Reached XP level 22. HP: 126/208 MP: 23/32
 68703 | Vaults:3 | Found Jaten Rucu's Antique Weapon Emporium.
 69214 | Vaults:3 | Noticed SpeedRobin's ghost (adept DDFi)
 69214 | Vaults:3 | Noticed Kipt's ghost (adept SpFE)
 69214 | Vaults:3 | Noticed Lukheov's ghost (veteran DrWn)
 69660 | Vaults:4 | Found Umezynlo's Antique Armour Emporium.
 69827 | Vaults:4 | Reached skill level 15 in Fighting
 70290 | Vaults:4 | Noticed a golden dragon
 70314 | Vaults:4 | Killed a golden dragon
 70830 | Vaults:4 | Found Icehumm's Book Emporium.
 70919 | Vaults:4 | Reached skill level 16 in Evocations
 71004 | Vaults:4 | Reached skill level 15 in Invocations
 71047 | Vaults:4 | Killed from afar by an ironbound thunderhulk

Illustrated notes

Levels and vault maps discovered:
D:1:      sevenhm_arrival_forest_fort_small_5, layout_basic,
          chequers_ecumenical_altar_simple, minivault_5, dk_noncrumbling_4,
          hex_medium
D:2:      layout_rooms, minmay_box_of_dots
D:3:      layout_loops_ring, uniq_crazy_yiuf_cottage, uniq_ijyb
D:4:      cheibrodos_thug_alley, layout_cave_pools
D:5:      due_chaos_kobolds, layout_rooms, kennysheep_small_circle, uniq_sigmund
D:6:      cheibrodos_helix_gallery, layout_loops_ring,
          minmay_temple_entry_drinking_statues, kennysheep_cross_bottleneck,
          hangedman_abyss_or_decor_stagger, grunt_ministairs_5
D:7:      layout_basic, chequers_serial_rivers_small_b
D:8:      layout_loops_ring, serial_shops, nicolae_shop_stone,
          nicolae_underground_beach, uniq_pikel
D:9:      layout_small_grid, david_lair_generic
D:10:     minmay_skewed_foursquare, layout_long_grid, grunt_dithmenos_shadows
D:11:     layout_roguey, erik_orc_3, enter_bailey_3, serial_shops, shop,
          minmay_statues_item, uniq_sonja
D:12:     layout_rooms, pdpol_wu_jian_five_deadly_venoms
D:13:     layout_stronghold, david_vaults_5
D:14:     layout_irregular_city, nrook_uturn, minmay_variable_closet,
          uniq_josephine
D:15:     hangedman_depths_entry_civil_slaughter, layout_loops_ring,
          gauntlet_entry_generic, grunt_decor_resistance, uniq_nessos
Temple:   minmay_crystal_snake_temple
Lair:1:   layout_long_grid, serial_bayou_pond_e, small_statue_intersection
Lair:2:   layout_gridlike, ebering_ghost_reflecting_pool,
          nzn_masters_of_martial_movement, grunt_megastairs_4,
          serial_bayou_shore_b, lemuel_fruit_fields
Lair:3:   layout_hall_layers, minmay_shoals_entry_centaurs, st_stairs_9,
          roderic_carrion_pond
Lair:4:   layout_gridlike, spider_nest_entry_funnel_web,
          ebering_ghost_reflecting_pool, lemuel_fruit_tree,
          serial_bayou_shore_a, grunt_megastairs_1
Lair:5:   layout_regular_city, gammafunk_ghost_hive
Lair:6:   hellmonk_lair_end_abyssal_woods, layout_gridlike, slime_altar_1
Shoals:1: cheibrodos_shoals_three_sisters, layout_shoals, serial_shops, shop
Shoals:2: layout_shoals, serial_shops, shop
Shoals:3: layout_shoals, ebering_ghost_disaster_area, serial_shops,
          nicolae_take_the_stairs
Shoals:4: shoals_end_grunt_garden, layout_shoals,
          nicolae_shoals_circle_sea_wall, nicolae_shoals_aquamancer_cove
Spider:1: layout_chambers, special_room [special_room_bee],
          gammafunk_ghost_split, hangedman_spider_tarantella_strand, uniq_donald
Spider:2: layout_spider_delve, drop_trap, nicolae_spider_twisty_arc_passages,
          uniq_asterion
Spider:3: layout_spider_delve, portal_ice_cave_entry_dragon,
          nicolae_spider_swamp_cousins
Spider:4: grunt_spider_rune_parallel, worms_lemuel, uniq_nikola
Orc:1:    layout_diamond_mine, basic_altar, nicolae_orc_rockfall,
          nicolae_orc_damp_corner
Orc:2:    pf_orc_diabolical, layout_diamond_mine
Vaults:1: ontoclasm_vaults_gallery, vaults_mumra_minichess,
          nicolae_vaults_stairing_the_circle, v_misc_28,
          ontoclasm_vaults_ring_small, vaults_room_hallway, vaults_dpeg_ring,
          layout_vaults_omnigrid, enter_trove_5
Vaults:2: nicolae_vaults_octagons, v_pattern_2, ontoclasm_vaults_misaligned,
          vaults_mumra_hexcomb, nicolae_vaults_network_quinsquares
          [nicolae_vaults_network_quincunx_subvault,
          nicolae_vaults_network_quincunx_subvault,
          nicolae_vaults_network_quincunx_subvault,
          nicolae_vaults_network_quincunx_subvault], layout_vaults_chaotic_city,
          uniq_mara
Vaults:3: gammafunk_vaults_ghost_cemetery, minmay_crypt_entry_vampire_xt,
          nicolae_vaults_puzzle_piece, vaults_dpeg_cross, st_octagons_2,
          nicolae_vaults_border_crossing, ontoclasm_vaults_decontamination,
          nicolae_vaults_twisting_passages, v_misc_17,
          nicolae_vaults_three_branches, grunt_vaults_twisty, vaults_room_fours,
          layout_vaults_ring, serial_shops, shop
Vaults:4: hangedman_vaults_capsules, nicolae_vaults_minivaults,
          vaults_room_fancy_cross, ontoclasm_vaults_fault, vaults_room_pool,
          vaults_room_large_hall, v_misc_15, v_alt_pattern_3,
          hangedman_vaults_trim, grunt_vaults_funnel,
          nicolae_vaults_sealed_display, v_misc_26, v_misc_3, vaults_mumra_lcd,
          ontoclasm_vaults_misaligned, layout_vaults_maze_bifur, serial_shops,
          bzr_entry_islet, nicolae_lakefront_shop,
          nicolae_shop_temple_entry_statues_fountains

Skill      XL: |  1  2  3  4  5  6  7  8  9 10 11 12 13 14 15 16 17 18 19 20 21 22 |
---------------+-------------------------------------------------------------------+-----
Polearms       | 3 4 |  4.4
Maces & Flails | 2 3 4 5 6 7 8 9 10 11 | 11.9
Evocations     | 2 3 5 6 7 8 9 10 11 12 13 14 15 16 | 16.0
Armour         | 3 4 5 6 7 8 9 10 11 12 13 | 13.3
Dodging        | 3 4 5 6 7 8 9 10 11 12 13 | 13.3
Fighting       | 5 6 7 9 10 11 12 13 14 15 | 15.2
Shields        | 2 3 5 6 7 8 9 10 11 12 | 12.3
Invocations    | 1 4 6 7 9 10 11 12 13 14 15 | 15.0
Staves         | |  1.0
Stealth        | |  4.4

Action                   |  1- 3 |  4- 6 |  7- 9 | 10-12 | 13-15 | 16-18 | 19-21 | 22-24 || total
-------------------------+-------+-------+-------+-------+-------+-------+-------+-------++-------
Melee: Spear             |    96 |     3 |       |       |       |       |       |       ||    99
       Whip              |       |   125 |   321 |   845 |  1420 |  1340 |  1793 |   336 ||  6180
       Unarmed           |       |     3 |       |       |       |       |       |       ||     3
       Dagger            |       |       |     5 |       |       |       |       |       ||     5
       Hand axe          |       |       |       |     5 |    63 |       |       |       ||    68
       Constrict         |       |       |       |       |   264 |   238 |   317 |    37 ||   856
Invok: Wall of Briars    |       |       |       |     1 |     2 |       |       |       ||     3
       Grow Ballistomyce |       |       |       |       |     3 |       |       |       ||     3
       Grow Oklob        |       |       |       |       |     3 |     4 |     5 |     1 ||    13
       Overgrow          |       |       |       |       |     1 |       |       |       ||     1
 Abil: Spit Poison       |    20 |    15 |     9 |    68 |       |     6 |     1 |       ||   119
       Evoke Blink       |       |       |       |       |     3 |       |     4 |     3 ||    10
Evoke: Wand              |       |     1 |     4 |    10 |     2 |     2 |     2 |     8 ||    29
       Phantom mirror    |       |       |       |       |       |     4 |       |       ||     4
       Lightning rod     |       |       |       |       |       |     4 |       |       ||     4
       Box of beasts     |       |       |       |       |       |       |     1 |       ||     1
  Use: Potion            |       |     2 |     6 |     1 |     5 |     9 |     1 |     1 ||    25
       Scroll            |       |     2 |    13 |     4 |    25 |    13 |     8 |     3 ||    68
 Stab: Sleeping          |     2 |     1 |       |       |       |       |       |       ||     3
       Paralysed         |       |     2 |     7 |    37 |     8 |       |    11 |       ||    65
       Petrified         |       |       |       |       |     7 |       |       |       ||     7
       Distracted        |       |       |       |       |     1 |     1 |     1 |       ||     3
       Petrifying        |       |       |       |       |     1 |       |       |       ||     1
       Confused          |       |       |       |       |       |     1 |       |       ||     1
Armor: Robe              |    14 |       |       |       |       |       |       |       ||    14
       Chain mail        |       |    73 |   129 |   209 |   734 |   639 |   800 |    75 ||  2659
       Skin              |       |       |    29 |       |       |       |       |       ||    29
       Plate armour      |       |       |       |   151 |       |       |       |       ||   151
Dodge: Dodged            |    30 |    30 |    88 |   428 |   743 |   318 |   390 |    42 ||  2069
Block: Buckler           |       |       |       |    26 |       |       |       |       ||    26
       Kite shield       |       |       |       |   167 |   778 |   167 |       |       ||  1112
       Tower shield      |       |       |       |       |       |  1134 |  1807 |   233 ||  3174
